 Dungeon Crawl Stone Soup version 0.28.0-45-g0d030f2227 (webtiles) character file.

Game seed: 16414197140769426241

1311 Revguard the Skirmisher (level 8, -12/78 HPs)
             Began as a Troll Fighter on Mar 30, 2022.
             Mangled by an ogre
             ... wielding a +0 giant spiked club
              (32 damage)
             ... on level 4 of the Dungeon.
             The game lasted 00:15:57 (4210 turns).

Revguard the Skirmisher (Troll Fighter)             Turns: 4210, Time: 00:15:57

Health: -12/78     AC:  4    Str: 25    XL:     8   Next: 32%
Magic:  7/7        EV: 10    Int:  4    God:
Gold:   142        SH: 10    Dex: 17    Spells: 7/7 levels left

rFire   . . .      SeeInvis .   d - +2 hand axe (vamp)
rCold   + . .      Faith    .   c - +1 kite shield
rNeg    . . .      Spirit   .   j - +0 animal skin
rPois   .          Reflect  .   (helmet restricted)
rElec   .          Harm     .   (no cloak)
rCorr   .          Rampage  .   (gloves unavailable)
Will    .....                   (boots unavailable)
Stlth   ++........              (no amulet)
HPRegen 1.03/turn               g - +6 ring of dexterity
MPRegen 0.10/turn               b - ring of protection from cold

@: no status effects
A: large, unfitting armour, claws 3, regeneration 1, shaggy fur 1, tough skin 1
a: no special abilities


You were on level 4 of the Dungeon.
You visited 1 branch of the dungeon, and saw 4 of its levels.
You also visited: Sewer.

You collected 142 gold pieces.

Inventory:

Hand Weapons
 a - a +0 war axe
 d - a +2 vampiric hand axe (weapon)
 k - a +5 hand axe of chaos
 l - the +1 mace of the Land of Plenty {vorpal, Str+5}
   (You found it on level 4 of the Dungeon)

   It inflicts extra damage upon your enemies.
   Str:       It affects your strength (+5).
Missiles
 e - 13 poisoned darts (quivered)
Armour
 c - a +1 kite shield (worn)
 j - a +0 animal skin (worn)
Jewellery
 b - a ring of protection from cold (right claw)
 g - a +6 ring of dexterity (left claw)
 h - a ring of wizardry
Scrolls
 f - a scroll of amnesia
 i - a scroll of summoning
 m - a scroll of enchant armour
Potions
 n - 2 potions of might


   Skills:
 + Level 4.2 Fighting
 + Level 3.7 Axes
 + Level 3.3 Throwing
 + Level 3.2 Armour
 + Level 4.2 Dodging
 + Level 4.1 Shields


You had 7 spell levels left.
You didn't know any spells.
Your spell library contained the following spells:

 Spells                   Type           Power      Damage    Failure   Level
 Summon Small Mammal      Summ           0%         N/A       78%         1
 Blink                    Tloc           0%         N/A       89%         2
 Call Canine Familiar     Summ           0%         N/A       98%         3
 Ignite Poison            Fire/Tmut/Pois 0%         N/A       98%         3
 Mephitic Cloud           Conj/Pois/Air  0%         N/A       98%         3
 Ozocubu's Armour         Ice            0%         N/A       98%         3
 Summon Guardian Golem    Hex/Summ       0%         N/A       98%         3
 Freezing Cloud           Conj/Ice/Air   0%         6-21      100%        5
 Manifold Assault         Tloc           0%         N/A       100%        5
 Ozocubu's Refrigeration  Ice            0%         4d5       100%        7
 Storm Form               Tmut/Air       0%         N/A       100%        7


Dungeon Overview and Level Annotations

Branches:
Dungeon (4/15)              Sewer (visited)
 Temple: D:4-7

Altars:

Annotations:
D:4 1 runed translucent door, Crazy Yiuf, Pikel


Innate Abilities, Weirdness & Mutations

You are too large for most types of armour.
You have claws for hands.
Your natural rate of healing is unusually fast.
You are covered in fur. (AC +1)
You have tough skin. (AC +1)


Message History

You hit the lemure.
The lemure is moderately wounded.
The lemure hits you but does no damage.
You barely miss the lemure.
The lemure is lightly wounded.
You block the lemure's attack.
You miss the lemure.
The lemure is lightly wounded.
The lemure hits you.
The orc priest begins to cast a cantrip, but forgets the words!
You closely miss the lemure.
The lemure is lightly wounded.
You block the lemure's attack. x2
You hit the lemure but do no damage.
The lemure is lightly wounded.
Pikel looks more healthy.
You block the lemure's attack.
You slash the lemure! You freeze the lemure.
The lemure is severely wounded.
The lemure hits you.
You feel a sense of dread.
d - a +2 vampiric hand axe (weapon)
The lemure hits you.
You hit the lemure.
The lemure is almost dead.
The lemure hits you!
You hit the lemure.
You kill the lemure!
That felt strangely unrewarding.
You barely miss the ogre. The ogre closely misses you.
You hit the ogre.
You feel better.
The ogre is lightly wounded.
The ogre hits you with a +0 giant spiked club!
You hit the ogre.
You feel better.
The ogre is moderately wounded.
The ogre hits you with a +0 giant spiked club!
* * * LOW HITPOINT WARNING * * *
You barely miss the ogre.
The ogre is moderately wounded.
The ogre hits you with a +0 giant spiked club!!
You die...

..............###..# #.....####.
...(.........## #..# #......# #.
....(........# ##.####.####.####
.....(....##### #..#...## ##.##
.....5...##...## #.......####..#
.........#..[..# #........##...#
.......o.#.....###.#...8...>...#
.........##...##...#..≈≈≈......#
..........#...#O@#....≈≈≈......#
............55K#####..≈≈≈......#
.#######.##..o## #..≈≈≈......# .
######.# #...........# #.#
#...........# #.# #...........#
#.. #.. ..##


You could see Pikel, an ogre, 2 lemures and an orc priest.

Vanquished Creatures
  Grinder (D:3)
  Sigmund (D:4)
  A shapeshifter (D:4)
  An orc warrior (D:4)
  An ogre (D:4)
  A lemure (D:4)
  A kobold brigand (Sewer)
  A howler monkey (D:4)
  4 orc priests
  An iguana (D:4)
  2 orc wizards
  Robin (D:2)
  7 gnolls
  6 adders
  4 river rats (Sewer)
  A worm (D:3)
  5 dart slugs
  14 orcs
  12 ball pythons
  5 endoplasms
  8 giant cockroaches
  18 goblins
  5 hobgoblins
  6 jackals
  12 kobolds
  3 quokkas
  6 bats
  4 frilled lizards
  15 rats
147 creatures vanquished.

Vanquished Creatures (others)
  19 plants (Sewer)
19 creatures vanquished.

Grand Total: 166 creatures vanquished

Notes
Turn   | Place    | Note
-------+----------+-------------------------------------------
     0 | D:1      | Revguard the Troll Fighter began the quest for the Orb.
     0 | D:1      | Reached XP level 1. HP: 22/22 MP: 0/0
   114 | D:1      | Reached XP level 2. HP: 29/29 MP: 1/1
   519 | D:1      | Reached XP level 3. HP: 36/36 MP: 2/2
  1004 | D:2      | Noticed Robin
  1011 | D:2      | Reached skill level 1 in Armour
  1017 | D:2      | Killed Robin
  1123 | D:2      | Reached XP level 4. HP: 44/44 MP: 3/3
  1648 | D:2      | Found a faded altar of an unknown god.
  1751 | D:2      | Reached skill level 1 in Throwing
  1921 | D:3      | Noticed Grinder
  1925 | D:3      | Reached XP level 5. HP: 45/53 MP: 4/4
  1928 | D:3      | Paralysed by Grinder for 4 turns
  1932 | D:3      | Killed Grinder
  1933 | D:3      | Reached XP level 6. HP: 40/61 MP: 5/5
  2182 | D:3      | Found a glowing drain.
  2202 | Sewer    | Entered a sewer
  2252 | Sewer    | Reached XP level 7. HP: 56/67 MP: 6/6
  3654 | D:4      | Noticed Sigmund
  3677 | D:4      | Found a runed translucent door.
  3688 | D:4      | HP: 3/68 [something (11)]
  3715 | D:4      | Killed Sigmund
  3763 | D:4      | Reached XP level 8. HP: 73/78 MP: 7/7
  3782 | D:4      | Noticed a shapeshifter
  3782 | D:4      | a worm changed into a shapeshifter
  3782 | D:4      | Noticed a culicivora
  3782 | D:4      | a shapeshifter changed into a culicivora
  3794 | D:4      | a culicivora changed into a hog
  3796 | D:4      | Noticed a shapeshifter
  3796 | D:4      | a hog changed into a shapeshifter
  3797 | D:4      | Killed a shapeshifter
  3862 | D:4      | Identified the +1 mace of the Land of Plenty {vorpal,
                  | Str+5}
  3873 | D:4      | Noticed Crazy Yiuf
  4177 | D:4      | Noticed Pikel
  4210 | D:4      | Mangled by an ogre

Illustrated notes

Levels and vault maps discovered:
D:1:      denvon_arrival_waterhouse, layout_loops_corners, minmay_pentomino_t2
D:2:      minmay_razor_zed, layout_basic, dilly_ecumenical_altar_fadedgnrine,
          uniq_robin
D:3:      wad_crossroads, layout_basic, cheibrodos_sewer_entry_sluice,
          minmay_randomly_rotated_circles, uniq_grinder
D:4:      layout_layer_cave, serial_shops, kennysheep_little_box,
          nicolae_shop_window_shopping, eino_small_chamber_without_monster,
          serial_park_tiny_pond, chequers_serial_rivers_large_b, uniq_sigmund,
          uniq_crazy_yiuf_cottage, uniq_pikel, uniq_blork_the_orc

Skill      XL: |  1  2  3  4  5  6  7  8 |
---------------+-------------------------+-----
Axes           | 2 3 |  3.7
Armour         | 1 2 3 |  3.2
Throwing       | 1 2 3 |  3.3
Fighting       | 3 4 |  4.2
Dodging        | 3 4 |  4.2
Shields        | 3 4 |  4.1

Action                   |  1- 3 |  4- 6 |  7- 9 || total
-------------------------+-------+-------+-------++-------
Melee: War axe           |    90 |    60 |       ||   150
       Hand axe          |       |    57 |   142 ||   199
Throw: Dart              |       |       |     2 ||     2
  Use: Scroll            |     1 |     1 |     8 ||    10
       Potion            |     1 |     1 |     3 ||     5
 Stab: Sleeping          |       |     1 |     2 ||     3
       Invisible         |       |       |     3 ||     3
       Confused          |       |       |     1 ||     1
Armor: Robe              |    36 |       |       ||    36
       Animal skin       |     2 |    50 |    13 ||    65
Dodge: Dodged            |    46 |    81 |    54 ||   181
Block: Kite shield       |    34 |    90 |    66 ||   190
